 Dungeon Crawl Stone Soup version 0.30.1-4-g462c640d31 (webtiles) character file.

Game seed: 8278379591498908005

44 Eryximachus the Conjurer (level 3, -6/21 HPs)
             Began as an Octopode Conjurer on Aug 19, 2023.
             Mangled by a gnoll
             ... wielding a +0 club
              (8 damage)
             ... on level 2 of the Dungeon.
             The game lasted 00:07:28 (2228 turns).

Eryximachus the Conjurer (Octopode Conjurer)        Turns: 2228, Time: 00:07:29

Health: -6/21      AC:  1    Str:  6    XL:     3   Next: 60%
Magic:  1/7        EV: 13    Int: 22    God:
Gold:   76         SH:  0    Dex: 10    Spells: 4/7 levels left

rFire   . . .        l - +2 whip (pain)
rCold   . . .        (no shield)
rNeg    . . .        (helmet restricted)
rPois   .            (no amulet)
rElec   .            (no ring)
rCorr   .            (no ring)
SInv    .            (no ring)
Will    .....        (no ring)
Stlth   +++          (no ring)
HPRegen 0.23/turn    (no ring)
MPRegen 0.10/turn    (no ring)
                     (no ring)

%: no passive effects
@: no status effects
A: almost no armour, amphibious, 8 rings, camouflage 1, gelatinous body 1,
(nimble swimmer 1), tentacles
a: no special abilities


You were on level 2 of the Dungeon.
You visited 1 branch of the dungeon, and saw 2 of its levels.

You collected 76 gold pieces.


Innate Abilities, Weirdness & Mutations

You cannot wear most types of armour.
You are amphibious.
You can wear up to eight rings at the same time.
Your skin changes colour to match your surroundings (Stealth+).
Your rubbery body absorbs attacks. (AC +1, EV +1)
((You are camouflaged when in or above water. (Stealth+)))
You have tentacles for arms and can constrict up to eight enemies at once.


   Skills:
 - Level 2.0 Dodging
 - Level 3.0 Stealth
 + Level 2.8 Spellcasting
 + Level 4.6 Conjurations


You had 4 spell levels left.
You knew the following spells:

 Your Spells              Type           Power      Damage    Failure   Level
m - Magic Dart            Conj           92%        1d7       1%          1
s - Searing Ray           Conj           46%        2d6       2%          2

Your spell library contained the following spells:

 Spells                   Type           Power      Damage    Failure   Level
 Dazzling Flash           Conj/Hex       26%        N/A       14%         3
 Fulminant Prism          Conj/Hex       6%         3d7       43%         4
 Iskenderun's Mystic Bla  Conj/Tloc      13%        2d5       43%         4

Inventory:

Hand Weapons
 l - a +2 whip of pain (weapon)
Missiles
 o - 2 poisoned darts
Scrolls
 b - a scroll of torment {unknown}
 f - a scroll of magic mapping {unknown}
 g - a scroll of fog {unknown}
 k - a scroll of vulnerability {unknown}
 p - a scroll of poison {unknown}
Potions
 a - a potion of magic
 c - a potion of attraction {unknown}
 d - a potion of curing {unknown}
 e - a potion of mutation {unknown}
 h - a potion of heal wounds {unknown}
 i - a potion of flight {unknown}
 j - a potion of brilliance {unknown}
 m - a potion of resistance {unknown}
 n - 2 potions of might {unknown}

Dungeon Overview and Level Annotations

Branches:
Dungeon (2/15)

Altars:
Elyvilon

Annotations:
D:2 exclusions: dart slug and ogre

#.?.8# #.#.$#
#.#.## #.#)#
######### #r#r#
........# #.#.8
........# #.#.?
.O♣~~♣..### #g#.#
..~~~~..+.# #@#
..~~~~..+.## #.#
..♣~~♣..#..#####.#
..w.....##....##.#
.?......#'...>'..#
#########....####
#.....##....##
#............#
#............#


You could see a gnoll and a rat.


Message History

Confirm with . or Enter, or press ? or * to list all spells.
Aiming: Searing Ray (safe; 3% risk of failure)
Press: ? - help, Shift-Dir - straight line, f - kobold
Aim: a kobold, wielding a +0 short sword (wandering, hasn't noticed you, 72% to hit)
The searing ray hits the kobold!
You kill the kobold! (Press . to maintain the ray.)
The searing ray hits the gnoll.
The gnoll is moderately wounded.
You finish channelling your searing ray.
A rat comes into view.
Casting: Searing Ray (safe; 2% risk of failure)
Confirm with . or Enter, or press ? or * to list all spells.
Aiming: Searing Ray (safe; 2% risk of failure)
Press: ? - help, Shift-Dir - straight line, f - gnoll
Aim: a gnoll, wielding a +0 club (moderately wounded, 81% to hit)
The searing ray misses the gnoll. (Press . to maintain the ray.)
The gnoll hits you with a +0 club!
Without enough magic to sustain it, your searing ray dissipates.
The gnoll barely misses you. The gnoll attacks as you move away!
The gnoll closely misses you. The gnoll attacks as you move away!
The gnoll hits you with a +0 club.
* * * LOW HITPOINT WARNING * * *
The gnoll attacks as you move away! The gnoll hits you with a +0 club.
* * * LOW HITPOINT WARNING * * *
The gnoll attacks as you move away! The gnoll hits you with a +0 club.
* * * LOW HITPOINT WARNING * * *
The gnoll attacks as you move away! The gnoll hits you with a +0 club!
You die...

Skill      XL: |  1 |
---------------+----+-----
Stealth        | 3 |  3.0
Dodging        | |  2.0
Spellcasting   | |  2.8
Conjurations   | |  4.6

Action                     || total
---------------------------++-------
  Melee: Constrict         ||     9
         Unarmed           ||     2
         Tentacles         ||     4
         Short sword       ||    12
         Whip              ||    10
         Punch             ||     1
   Cast: Magic Dart        ||    24
         Searing Ray       ||     9
   Stab: Sleeping          ||     4
 Armour: Skin              ||     7
  Dodge: Dodged            ||    22

Levels and vault maps discovered:
D:1:      dpeg_arrival_stonehenge_8_columns, layout_basic,
          minmay_misc_feat_four_crosses, minmay_hexomino_r4
D:2:      wad_river_or_something, layout_basic, basic_altar,
          kennysheep_generic_room_6

Notes
Turn   | Place    | Note
-------+----------+-------------------------------------------
     0 | D:1      | Eryximachus the Octopode Conjurer began the quest for the
                  | Orb.
     0 | D:1      | Reached XP level 1. HP: 11/11 MP: 3/3
    98 | D:1      | Reached skill level 3 in Stealth
   430 | D:1      | Reached XP level 2. HP: 17/17 MP: 0/5
   554 | D:1      | Learned a level 2 spell: Searing Ray
   790 | D:1      | Found a white marble altar of Elyvilon.
  1428 | D:1      | Reached XP level 3. HP: 12/21 MP: 1/7
  2171 | D:2      | Noticed an ogre
  2226 | D:2      | HP: 1/21 [gnoll/+0 club (5)]
  2228 | D:2      | Mangled by a gnoll

Vanquished Creatures
  A gnoll (D:1)
  A worm (D:2)
  3 endoplasms (D:1)
  A giant cockroach (D:2)
  2 goblins (D:1)
  4 hobgoblins (D:1)
  A quokka (D:1)
  5 bats (D:1)
  3 frilled lizards (D:1)
  6 kobolds
  5 rats
32 creatures vanquished.

Table legend: (Time is in decaauts)
 A = Elapsed time spent in this place.
 B = Non-inter-level travel time spent in this place.
 C = Inter-level travel time spent in this place.
 D = Time resting spent in this place.
 E = Time spent auto-exploring this place.
 F = Levels seen in this place.
 G = Mean time per level.
                   A        B        C        D        E       F      G
               +--------+--------+--------+--------+--------+-----+--------+
         Total |   2227 |   2164 |     63 |   1087 |    497 |   2 | 1113.5 |
       Dungeon |   2227 |   2164 |     63 |   1087 |    497 |   2 | 1113.5 |
               +--------+--------+--------+--------+--------+-----+--------+

Top non-repeatable levels by time:
     D:1: 1859 daAuts
     D:2: 368 daAuts

Table legend:
 A = Non-vault XP
 B = Vault XP
 C = Vault XP percentage of total XP
 D = Non-vault monster count
 E = Vault monster count
 F = Vault count percentage of total count
                 A         B        C        D         E       F
            +---------+---------+-------+---------+---------+-------
      Total |      53 |      10 |  15.9 |      26 |       6 |  18.8
            +---------+---------+-------+---------+---------+-------
        D:1 |      41 |       9 |  18.0 |      21 |       5 |  19.2
        D:2 |      12 |       1 |   7.7 |       5 |       1 |  16.7
            +---------+---------+-------+---------+---------+-------
